 Dungeon Crawl Stone Soup version bcrawl-1.12-8-g964540c432 (webtiles) character file.

Game seed: 8667259864698188663

79 Hercules1031 the Sneak (level 4, -14/27 HPs)
             Began as a Dusk Walker Rogue on June 8, 2019.
             Blown up by Natasha (17 damage)
             ... with a wand of disintegration (13)
             ... on level 3 of the Dungeon.
             The game lasted 00:06:11 (1455 turns).

Hercules1031 the Sneak (Dusk Walker Rogue)          Turns: 1455, Time: 00:06:12

Health: -14/27     AC:  8    Str: 17    XL:     4   Next: 17%
Magic:  5/5        EV: 11    Int: 11    God:
Gold:   216        SH:  0    Dex: 15    Spells: 3/3 levels left

rFire    . . .     SeeInvis .   w - +2 short sword (holy)
rCold    . . .     Gourm    .   (no shield)
rNeg     + . .     Faith    .   m - +0 ring mail
rPois    .         Spirit   .   (no helmet)
rElec    .         Reflect  .   d - +2 cloak
rCorr    .         Harm     .   (no gloves)
MR       .....                  (no boots)
Stlth    ++++......             (no amulet)
HPRegen  0.09/turn              u - ring of positive energy
MPRegen  0.09/turn              (no ring)

@: mighty, flying
A: draining touch, unencumbered stealth, fangs 2, mutation resistance 1,
nightstalker 1
a: no special abilities


You were on level 3 of the Dungeon.
You were not hungry.

You visited 1 branch of the dungeon, and saw 3 of its levels.

You collected 216 gold pieces.

Inventory:

Hand Weapons
 a - a +2 dagger
 b - a +0 blowgun
 w - a +2 short sword of holy wrath (weapon)
Missiles
 e - 80 poisoned needles (quivered)
Armour
 c - a +0 robe
 d - a +2 cloak (worn)
 m - a +0 ring mail (worn)
Jewellery
 u - a ring of positive energy (left hand)
Wands
 f - a wand of flame (15)
 g - a wand of enslavement (15)
 l - a wand of polymorph (6)
Scrolls
 n - a scroll of remove curse {unknown}
 p - 2 scrolls of identify
 q - a scroll of magic mapping {unknown}
 s - a scroll of fear {unknown}
Potions
 i - a potion of flight
 j - a potion of heal wounds {unknown}
 o - a potion of brilliance {unknown}
 r - a potion of agility {unknown}
 t - a potion of might
 v - a potion of degeneration {unknown}
Comestibles
 h - 6 rations {!d}


   Skills:
 + Level 3.2 Short Blades
 - Level 1.5 Throwing
 + Level 1.7 Armour
 + Level 1.4 Dodging
 * Level 7.6 Stealth
 - Level 2.0 Evocations


You had 3 spell levels left.
You didn't know any spells.
Your spell library was empty.

Dungeon Overview and Level Annotations

Branches:
Dungeon (3/12)

Altars:
Cheibriados
Gozag

Annotations:
D:3 Natasha


Innate Abilities, Weirdness & Mutations

Your attacks drain your enemies.
You move stealthily even while encumbered by armour.
You have extremely sharp teeth.
You are slightly more attuned to the shadows.
You are somewhat resistant to further mutation.


Message History

You hear the slow rusting of a very distant drain.
An ooze comes into view.
Found 11 gold pieces and a scroll labeled FEGHOP XEMNEAZXA.
Natasha, Servant of Life and Death comes into view.
She is carrying a wand of disintegration (15).
The helpless ooze fails to defend itself.
You impale the ooze!!
You kill the ooze!
Natasha zaps a wand.
You are blasted!
Ouch! That really hurt!
It was a potion of flight.
You feel very buoyant.
You fly up into the air.
Natasha zaps a wand.
You are blasted!
* * * LOW HITPOINT WARNING * * *
It was a potion of might.
You feel very mighty all of a sudden.
It was a potion of mutation.
You feel extremely strange.
You feel genetically stable.
Natasha zaps a wand.
You are blasted!
Ouch! That really hurt!
You die...

### #.# ##.#..#
##.####....#
#..........#...
#..#####...#h.
..........#..
.#######..#.#
##.#.# #
#.#.#.##.
#.@......
##.##$... #.#
.. #..# ##.# ?#
.. #.. ..


You could see Natasha.

Vanquished Creatures
  Jessica (D:2)
  An ooze (D:3)
  A worm (D:2)
  2 dart slugs
  2 leopard geckos
  5 bats
  A giant cockroach (D:2)
  5 goblins
  2 hobgoblins (D:2)
  2 jackals (D:1)
  2 ball pythons
  3 frilled lizards
  7 kobolds
  7 rats
41 creatures vanquished.

Notes
Turn   | Place    | Note
-------+----------+-------------------------------------------
     0 | D:1      | Hercules1031 the Dusk Walker Rogue began the quest for the
                  | Orb.
     0 | D:1      | Reached XP level 1. HP: 11/11 MP: 2/2
   211 | D:1      | Reached XP level 2. HP: 17/17 MP: 3/3
   628 | D:2      | Reached skill level 1 in Armour
   680 | D:2      | Reached skill level 7 in Stealth
   724 | D:2      | Reached XP level 3. HP: 21/21 MP: 4/4
   725 | D:2      | Reached skill level 1 in Dodging
  1118 | D:2      | Noticed Jessica
  1122 | D:2      | Killed Jessica
  1122 | D:2      | Gained mutation: You are slightly more attuned to the
                  | shadows. [Dusk Walker growth]
  1122 | D:2      | Reached XP level 4. HP: 26/27 MP: 5/5
  1137 | D:2      | Found an opulent altar of Gozag.
  1423 | D:3      | Found a snail-covered altar of Cheibriados.
  1447 | D:3      | Noticed Natasha
  1455 | D:3      | Gained mutation: You are somewhat resistant to further
                  | mutation. [potion of mutation]
  1455 | D:3      | Blown up by Natasha

Skill      XL: |  1  2  3 |
---------------+----------+-----
Armour         | 1 |  1.7
Stealth        | 7 |  7.6
Dodging        | 1 |  1.4
Short Blades   | 3 |  3.2
Throwing       | |  1.5
Evocations     | |  2.0

Action                   |  1- 3 |  4- 6 || total
-------------------------+-------+-------++-------
Melee: Dagger            |    75 |       ||    75
       Bite              |     5 |       ||     5
       Short sword       |       |     3 ||     3
  Use: Scroll            |     3 |     2 ||     5
       Potion            |       |     3 ||     3
 Stab: Sleeping          |     9 |     2 ||    11
  Eat: Ration            |       |     1 ||     1
Armor: Ring mail         |    32 |     1 ||    33
Dodge: Dodged            |    25 |     2 ||    27
